 Dungeon Crawl Stone Soup version 0.18-a0-1202-g796ae12 (webtiles) character file.

988 Arkorax the Nimble (level 7, -1/38 HPs)
             Began as a Spriggan Gladiator on Jan 31, 2016.
             Was an Initiate of Gozag.
             Slain by an ice beast (14 damage)
             ... on level 5 of the Dungeon.
             The game lasted 00:08:25 (7857 turns).

Arkorax the Nimble (Spriggan Gladiator)             Turns: 7857, Time: 00:08:25

Health: -1/38      AC:  4    Str: 14    XL:     7   Next: 97%
Magic:  8/8        EV: 25    Int: 10    God:    Gozag
Gold:   778        SH:  0    Dex: 18    Spells: 0 memorised, 6 levels left

rFire  + . .     SeeInvis +     a - +0 quarterstaff
rCold  . . .     Gourm    .     b - +0 robe
rNeg   . . .     Faith    .     (shield currently unavailable)
rPois  .         Spirit   .     C - +2 hat
rElec  .         Dismiss  .     (no cloak)
rCorr  .         Reflect  .     (gloves unavailable)
SustAt .         Harm     .     (boots unavailable)
MR     +....                    v - amulet of magic regeneration
Stlth  ++........               z - ring of protection from fire
                                o - +3 ring of strength

@: gold aura, very quick, somewhat resistant to hostile enchantments, unstealthy
A: unfitting armour, see invisible, herbivore 3, speed 3, slow metabolism 2
a: Potion Petition, Call Merchant, Bribe Branch, Renounce Religion


You were on level 5 of the Dungeon.
You worshipped Gozag.
Gozag was noncommittal.
You were full.

You visited 1 branch of the dungeon, and saw 5 of its levels.

You collected 814 gold pieces.
You paid 36 gold pieces to Gozag.

Inventory:

Hand Weapons
 a - a +0 quarterstaff (weapon)
Missiles
 d - 2 throwing nets (quivered)
 g - 5 needles of confusion
 j - 13 poisoned needles
Armour
 b - a +0 robe (worn)
 C - a +2 hat (worn)
Jewellery
 k - an uncursed ring of wizardry
 o - a +3 ring of strength (left hand)
 p - an uncursed ring of resist corrosion
 v - an amulet of magic regeneration (around neck)
 z - a ring of protection from fire (right hand)
Wands
 t - a wand of flame (12/48)
 A - a wand of polymorph (11/24)
Scrolls
 h - 4 scrolls of remove curse
 i - 5 scrolls of magic mapping
 l - 4 scrolls of identify {unknown}
 m - 2 scrolls of recharging {unknown}
 q - a scroll of fog {unknown}
 s - a scroll of teleportation {unknown}
 u - a scroll of noise {unknown}
 x - a scroll of enchant armour {unknown}
 y - 2 scrolls of amnesia {unknown}
Potions
 e - a potion of curing
 r - a potion of might {unknown}
 B - a potion of poison {unknown}
Comestibles
 c - a royal jelly
 f - 2 bread rations
 n - a slice of pizza
 w - 2 fruits


   Skills:
 + Level 4.5 Fighting
 + Level 4.5 Staves
 - Level 2.0 Throwing
 + Level 8.9 Dodging


You had 6 spell levels left.
You didn't know any spells.

Dungeon Overview and Level Annotations

Branches:
Dungeon (5/15)
 Temple: D:4-7

Altars:
Gozag
Makhleb
Vehumet


Innate Abilities, Weirdness & Mutations

You are tiny and cannot use many weapons and most armour.
You have supernaturally acute eyesight.
You are a herbivore.
You cover ground extremely quickly.
You need consume almost no food.


Message History

The ice beast is distracted by your gold.
You strike the helpless ice beast from a blind spot!
You hit the ice beast but do no damage.
The ice beast is no longer distracted by gold.
The ice beast is severely wounded.
The ice beast completely misses you.
You barely miss the ice beast.
The ice beast is severely wounded.
The ice beast hits you. The ice beast freezes you!
You hit the ice beast.
The ice beast is severely wounded.
The ice beast completely misses you.
You hit the ice beast but do no damage.
The ice beast is severely wounded.
The ice beast closely misses you.
You closely miss the ice beast.
The ice beast is severely wounded.
The ice beast hits you. The ice beast freezes you!
You die...
Your body crumbles into a pile of gold.

#### ## #..# #. ###.##
#.#####...####
..####............##
.....!...######....###
#.....@## ##<....##
#<##.Y.# ##.....#
#...# ##....# #...#
#....# #...# ###..##
....# ##..# ##..##
##.. ##. #.. #..#


You could see an ice beast.

Vanquished Creatures
  A phantom (D:4)
  An ice beast (D:5)
  4 scorpions (D:4)
  A crimson imp (D:3)
  2 giant frog skeletons (D:4)
  An orc priest (D:4)
  2 iguanas (D:4)
  4 orc wizards
  4 worker ants (D:4)
  14 adders
  An ooze (D:1)
  An adder skeleton (D:4)
  4 worms
  3 giant geckos
  6 orcs
  20 bats
  3 giant cockroaches
  7 goblins
  12 hobgoblins
  6 jackals
  3 quokkas
  2 ball pythons
  6 giant newts
  5 kobolds
  A quokka skeleton (D:4)
  4 rats
118 creatures vanquished.

Vanquished Creatures (others)
  6 fungi (D:4)
6 creatures vanquished.

Grand Total: 124 creatures vanquished

Notes
Turn   | Place    | Note
--------------------------------------------------------------
     0 | D:1      | Arkorax the Spriggan Gladiator began the quest for the Orb.
     0 | D:1      | Reached XP level 1. HP: 10/10 MP: 2/2
   251 | D:1      | Reached XP level 2. HP: 15/15 MP: 3/3
   593 | D:1      | Reached skill level 5 in Dodging
   886 | D:1      | Reached XP level 3. HP: 13/18 MP: 4/4
  1217 | D:2      | Found an opulent altar of Gozag.
  1234 | D:2      | Became a worshipper of Gozag Ym Sagoz the Greedy
  1517 | D:2      | Reached XP level 4. HP: 23/23 MP: 5/5
  1882 | D:2      | Reached skill level 6 in Dodging
  1882 | D:2      | HP: 1/23 [gnoll/spear (10)]
  2614 | D:3      | Found a radiant altar of Vehumet.
  2812 | D:3      | Reached XP level 5. HP: 19/27 MP: 6/6
  3059 | D:3      | Found a burning altar of Makhleb.
  4085 | D:4      | Reached XP level 6. HP: 28/32 MP: 7/7
  4260 | D:4      | Reached skill level 7 in Dodging
  5042 | D:4      | Reached XP level 7. HP: 22/37 MP: 8/8
  5922 | D:4      | Reached skill level 8 in Dodging
  7335 | D:5      | Entered Level 5 of the Dungeon
  7857 | D:5      | Slain by an ice beast

Vault maps used:
D:1:      tarquinn_simple_flora_water_c
D:2:      grunt_gozag_statues, first_bread
D:3:      vehumet_altar_wand_db, makhleb_grotto_becter
D:4:      old_forge
D:5:      grunt_temple_overflow_holy_war

Action                   |  1- 3 |  4- 6 |  7- 9 || total
-------------------------+-------+-------+-------++-------
Melee: Quarterstaff      |   113 |   262 |   171 ||   546
Throw: Throwing net      |       |       |     2 ||     2
Invok: Potion Petition   |     1 |       |       ||     1
  Use: Potion            |       |     3 |       ||     3
       Scroll            |       |     2 |       ||     2
 Stab: Sleeping          |     4 |     3 |       ||     7
       Distracted        |       |       |     1 ||     1
       Held in net/web   |       |       |     1 ||     1
  Eat: Bread ration      |       |     1 |     1 ||     2
